 Dungeon Crawl Stone Soup version 0.21.1-1-g345015fe64 (webtiles) character file.

20874 LevaFresel the Quickloader (level 13, -15/80 HPs)
             Began as a Kobold Hunter on June 9, 2018.
             Was an Elder of Nemelex Xobeh.
             Engulfed by a fire crab's flame (21 damage)
             ... on level 3 of the Lair of Beasts on June 10, 2018.
             The game lasted 02:06:56 (18170 turns).

LevaFresel the Quickloader (Kobold Hunter)         Turns: 18170, Time: 02:06:56

Health: -15/80     AC: 20    Str: 13    XL:     13   Next: 15%
Magic:  17/17      EV: 20    Int: 12    God:    Nemelex Xobeh [****..]
Gold:   427        SH:  0    Dex: 17    Spells: 10/12 levels left

rFire    . . .     SeeInvis .   a - +4 arbalest (freeze)
rCold    + . .     Gourm    .   (shield currently unavailable)
rNeg     . . .     Faith    .   l - +3 ring mail {rC+}
rPois    +         Spirit   .   T - +0 helmet
rElec    .         Reflect  .   N - +2 cloak
rCorr    .         Harm     .   (no gloves)
MR       .....                  K - +2 pair of boots
Stlth    +.........             (no amulet)
HPRegen  0.23/turn              s - +3 ring of protection
MPRegen  0.15/turn              G - ring of poison resistance

@: about to teleport
A: small, carnivore
a: Triple Draw, Deal Four, Renounce Religion


You were on level 3 of the Lair of Beasts.
You worshipped Nemelex Xobeh.
Nemelex Xobeh was greatly pleased with you.
You were very full.

You visited 4 branches of the dungeon, and saw 16 of its levels.

You collected 899 gold pieces.
You spent 472 gold pieces at shops.

Inventory:

Hand Weapons
 a - a +4 arbalest of freezing (weapon)
 b - a +2 short sword of speed
 Y - a +0 dire flail of holy wrath
Missiles
 d - 18 bolts (quivered)
Armour
 l - a +3 ring mail of cold resistance (worn)
 K - a +2 pair of boots (worn)
 N - a +2 cloak (worn)
 T - a +0 helmet (worn)
Jewellery
 i - an uncursed ring of resist corrosion
 s - a +3 ring of protection (left hand)
 G - a ring of poison resistance (right hand)
 L - an uncursed ring of fire
Wands
 c - a wand of disintegration (21)
 p - a wand of flame (76)
 r - a wand of polymorph (25)
 t - a wand of digging (12)
 A - a wand of clouds (6)
 I - a wand of acid (10)
 J - a wand of iceblast (8)
Scrolls
 k - 7 scrolls of teleportation
 m - 4 scrolls of enchant armour
 o - 2 scrolls of random uselessness {unknown}
 u - 4 scrolls of identify
 C - 3 scrolls of immolation
 D - a scroll of fear {unknown}
 E - a scroll of fog {unknown}
 F - a scroll of brand weapon {unknown}
 H - 2 scrolls of summoning {unknown}
 M - 5 scrolls of remove curse
 O - 2 scrolls of magic mapping {unknown}
 P - 2 scrolls of amnesia {unknown}
 Z - a scroll of holy word {unknown}
Potions
 e - a potion of invisibility {unknown}
 j - 3 potions of ambrosia
 n - 2 potions of flight
 v - 3 potions of lignification
 w - 2 potions of resistance {unknown}
 x - 2 potions of might {unknown}
 z - 2 potions of agility {unknown}
 B - a potion of cancellation {unknown}
 Q - a potion of brilliance {unknown}
 V - 2 potions of haste
Books
 g - a book of Minor Magic

   Spells                             Type                      Level
   a - Magic Dart                     Conjuration                  1
   b - Blink                          Translocation                2
   c - Call Imp                       Summoning                    2
   d - Slow                           Hexes                        2
   e - Conjure Flame                  Conjuration/Fire             3
   f - Mephitic Cloud                 Conjuration/Poison/Air       3
 X - a book of Ice

   Spells                             Type                      Level
   a - Ice Form                       Ice/Transmutation            4
   b - Metabolic Englaciation         Hexes/Ice                    5
   c - Ozocubu's Refrigeration        Ice                          6
   d - Bolt of Cold                   Conjuration/Ice              6
   e - Freezing Cloud                 Conjuration/Ice/Air          6
   f - Simulacrum                     Ice/Necromancy               6
Miscellaneous
 h - a plain deck of escape {drawn: 3}
 q - an ornate deck of destruction {drawn: 2}
 R - a plain deck of destruction {drawn: 2}
 S - a plain deck of destruction
 U - an ornate deck of escape
Comestibles
 f - 25 rations


   Skills:
 + Level 9.3 Fighting
 + Level 10.4 Short Blades
 * Level 13.9 Crossbows
 + Level 6.7 Armour
 + Level 10.0 Dodging
 - Level 2.0 Stealth
 + Level 5.6 Invocations
 - Level 5.1 Evocations


You had 10 spell levels left.
You knew the following spells:

 Your Spells              Type           Power        Failure   Level  Hunger
a - Slow                  Hex            #.......     67%         2    ###....


Dungeon Overview and Level Annotations

Branches:
Dungeon (11/15)            Temple (1/1) D:6            Lair (3/6) D:11
  Swamp (1/4) Lair:3          Orc (0/2) D:10
  Snake: Lair:2-4    Spider: Lair:2-4

Altars:
Ashenzari
Cheibriados
Dithmenos
Elyvilon
Fedhas
Gozag
Hepliaklqana
Kikubaaqudgha
Makhleb
Nemelex Xobeh
Okawaru
Qazlal
Ru
Sif Muna
Trog
Uskayaw
Vehumet
Wu Jian
Xom
Yredelemnul
Zin
The Shining One

Shops:
D:9 (   D:10 [[

Annotations:
D:5 strelocc's ghost, novice FoMo
Lair:2 exclusion: oklob plant
Lair:3 fellowfoe's ghost, journeyman SpAs


Innate Abilities, Weirdness & Mutations

You are small and have problems with some larger weapons.
You are carnivorous and can eat meat at any time.


Message History

You shoot a bolt.
The bolt hits the fire crab but does no damage.
The fire crab is moderately wounded.
You are engulfed in blazing flames.
The fire crab breathes flames at you. The blast of flame engulfs you!
You are engulfed in blazing flames.
* * * LOW HITPOINT WARNING * * *
The fire crab breathes flames at you. The blast of flame misses you.
Really walk into that cloud of flame?
Okay, then.
The fire crab breathes flames at you. The blast of flame misses you.
As you read the scroll of teleportation, it crumbles to dust.
You feel strangely unstable.
You are engulfed in blazing flames.
* * * LOW HITPOINT WARNING * * *
You are engulfed in blazing flames.
You die...
Your body glows slightly and disappears.

.≈≈§§≈♣...........♣♣♣♣♣♣P...♣♣♣♣♣
§♣≈≈♣♣...........................
..♣♣≈.............(..............
..♣♣≈............................
...≈.##(.........................
....###<.......§.................
.+....P.......§§§................
#......(...t§.§§§§...............
.#+...........§§@....)...........
.#...............................
.................................
...........).....................
.................................
.###.###P######P##.#.P#####.##.##
## ### ### ######### ###.## ##


You could see a fire crab.

Vanquished Creatures
  The ghost of kajmaj the Geomancer, a journeyman GrEE of Kikubaaqudgha (Lair:3)
  2 two-headed ogres
  A catoblepas (Lair:3)
  Pikel (D:9)
  A mana viper (Lair:2)
  Maurice (D:8)
  A black mamba (Lair:1)
  13 elephants
  3 spiny frogs
  A komodo dragon (Lair:2)
  2 jumping spiders (Lair:3)
  5 blink frogs (Lair:1)
  A troll (D:9)
  3 hippogriffs
  2 redbacks
  A spriggan (Lair:2)
  A wyvern (Lair:3)
  12 yaks (Lair:2)
  Eustachio (D:5)
  2 hungry ghosts (D:7)
  A water moccasin (Lair:2)
  3 porcupines
  4 ice beasts
  Duvessa (D:6)
  2 black bears
  A black bear (shapeshifter) (D:9)
  A phantom (D:10)
  7 orc warriors
  A slave (D:9)
  5 ogres
  3 centaurs
  5 crocodiles
  A big kobold (D:7)
  7 bullfrogs
  A gnoll sergeant (D:10)
  4 scorpions
  Dowan (D:6)
  3 wights (D:10)
  A vampire bat (D:3)
  2 electric eels
  5 howler monkeys (D:10)
  A centaur zombie (D:4)
  A bullfrog zombie (D:9)
  4 crimson imps
  3 orc priests
  4 jellies
  A bullfrog skeleton (D:6)
  4 hounds
  An iguana (D:8)
  13 orc wizards
  7 worker ants
  A killer bee zombie (D:10)
  A hound zombie (D:11)
  2 worker ant zombies (D:5)
  7 gnolls
  18 adders
  3 shadow imps
  5 oozes (D:9)
  An adder skeleton (D:4)
  4 dart slugs
  8 leopard geckos
  65 orcs
  10 bats
  A bat skeleton (D:3)
  4 bat zombies (D:3)
  4 giant cockroaches
  5 goblins
  14 hobgoblins
  17 jackals
  10 kobolds
  2 quokkas
  9 frilled lizards
  A jackal zombie (D:5)
  6 rats
  2 plants
353 creatures vanquished.

Vanquished Creatures (others)
  A hydra (D:10)
  3 slaves (D:9)
  9 fungi (Lair:3)
13 creatures vanquished.

Grand Total: 366 creatures vanquished

Notes
Turn   | Place    | Note
-------+----------+-------------------------------------------
     0 | D:1      | LevaFresel the Kobold Hunter began the quest for the Orb.
     0 | D:1      | Reached XP level 1. HP: 12/12 MP: 1/1
   191 | D:1      | Reached skill level 5 in Crossbows
   191 | D:1      | Reached XP level 2. HP: 17/17 MP: 2/2
   486 | D:1      | Reached XP level 3. HP: 17/22 MP: 3/3
   495 | D:1      | Reached skill level 1 in Short Blades
  1287 | D:1      | Learned a level 2 spell: Slow
  1373 | D:2      | Reached XP level 4. HP: 23/27 MP: 4/4
  1587 | D:2      | Reached skill level 1 in Armour
  1791 | D:2      | Reached XP level 5. HP: 14/32 MP: 5/5
  2191 | D:2      | Noticed a bullfrog
  2199 | D:2      | Killed a bullfrog
  2199 | D:2      | Reached skill level 6 in Crossbows
  2239 | D:2      | Reached XP level 6. HP: 34/37 MP: 6/6
  2440 | D:2      | Found a glowing silver altar of Zin.
  2549 | D:2      | Found a hazy altar of Hepliaklqana.
  3475 | D:3      | Found an ancient bone altar of Kikubaaqudgha.
  3949 | D:4      | Reached XP level 7. HP: 39/41 MP: 7/7
  4074 | D:4      | Found a white marble altar of Elyvilon.
  4131 | D:5      | Entered Level 5 of the Dungeon
  4472 | D:5      | Noticed strelocc's ghost (novice FoMo)
  4543 | D:4      | Found a radiant altar of Vehumet.
  4844 | D:4      | Reached skill level 7 in Crossbows
  5405 | D:4      | Found a burning altar of Makhleb.
  5645 | D:5      | Found a basalt altar of Yredelemnul.
  5830 | D:6      | Found a bloodstained altar of Trog.
  5832 | D:6      | Noticed Duvessa
  5832 | D:6      | Noticed Dowan
  6330 | D:6      | Reached XP level 8. HP: 48/48 MP: 8/8
  6351 | D:6      | Noticed Eustachio
  6378 | D:5      | Killed Eustachio
  6526 | D:6      | Found a staircase to the Ecumenical Temple.
  6534 | D:6      | Reached skill level 5 in Dodging
  6545 | Temple   | Entered the Ecumenical Temple
  6729 | Temple   | Became a worshipper of Nemelex Xobeh the Trickster
  6784 | D:6      | Reached skill level 8 in Crossbows
  6784 | D:6      | Reached skill level 1 in Evocations
  6844 | D:6      | Received a gift from Nemelex Xobeh
  7344 | D:6      | Found an ornate altar of the Wu Jian Council.
  7682 | D:6      | Killed Dowan
  7688 | D:6      | You fall through a shaft for 3 floors!
  7690 | D:9      | Reached skill level 5 in Short Blades
  7712 | D:9      | Reached XP level 9. HP: 39/53 MP: 10/10
  7734 | D:9      | Reached skill level 5 in Fighting
  7960 | D:9      | Found Alibowu's Antique Weapon Boutique.
  7971 | D:9      | Bought a glowing arbalest for 262 gold pieces
  8098 | D:7      | Reached skill level 9 in Crossbows
  8292 | D:7      | Found a glowing golden altar of the Shining One.
  8368 | D:6      | Killed Duvessa
  8655 | D:7      | Found a shattered altar of Ashenzari.
  8733 | D:7      | Reached * piety under Nemelex Xobeh
  9159 | D:8      | Noticed a two-headed ogre
  9173 | D:8      | Killed a two-headed ogre
  9173 | D:8      | Reached skill level 10 in Crossbows
  9173 | D:8      | Reached XP level 10. HP: 18/60 MP: 11/13
  9467 | D:8      | Noticed Maurice
  9889 | D:8      | Killed Maurice
 10282 | D:9      | Found an iron altar of Okawaru.
 10364 | D:10     | Entered Level 10 of the Dungeon
 10577 | D:9      | Noticed Pikel
 10584 | D:9      | Killed Pikel
 10584 | D:9      | Reached skill level 5 in Evocations
 10616 | D:9      | Noticed a two-headed ogre
 10637 | D:9      | Killed a two-headed ogre
 10637 | D:9      | Reached skill level 11 in Crossbows
 10895 | D:9      | Reached XP level 11. HP: 67/67 MP: 14/14
 11392 | D:10     | Reached skill level 5 in Armour
 11410 | D:10     | Noticed a seven-headed hydra
 11509 | D:10     | Received a gift from Nemelex Xobeh
 11665 | D:10     | HP: 2/67 [acid (5)]
 11666 | D:10     | Reached ** piety under Nemelex Xobeh
 12042 | D:10     | Reached skill level 1 in Invocations
 12202 | D:10     | Found Fuleqoda's Antique Armour Shoppe.
 12507 | D:10     | Killed a seven-headed hydra
 12901 | D:10     | Found Qaugut's Antique Armour Boutique.
 12926 | D:10     | Bought a shiny ring mail for 210 gold pieces
 12961 | D:10     | Found a staircase to the Orcish Mines.
 13219 | D:10     | Reached skill level 12 in Crossbows
 13693 | D:11     | Found a staircase to the Lair.
 13723 | D:11     | Received a gift from Nemelex Xobeh
 14385 | Lair:1   | Entered Level 1 of the Lair of Beasts
 14385 | Lair:1   | Reached *** piety under Nemelex Xobeh
 14727 | Lair:1   | Received a gift from Nemelex Xobeh
 15384 | Lair:1   | Received a gift from Nemelex Xobeh
 15490 | Lair:1   | Reached **** piety under Nemelex Xobeh
 15770 | Lair:2   | Reached XP level 12. HP: 67/73 MP: 15/15
 16006 | Lair:3   | Reached skill level 13 in Crossbows
 16246 | Lair:3   | Noticed kajmaj's ghost (journeyman GrEE)
 16260 | Lair:3   | Killed kajmaj's ghost
 16303 | Lair:3   | Received a gift from Nemelex Xobeh
 16348 | Lair:3   | Noticed fellowfoe's ghost (journeyman SpAs)
 16721 | Lair:2   | Reached skill level 10 in Short Blades
 16832 | Lair:3   | Found a staircase to the Swamp.
 16938 | Lair:3   | Reached skill level 5 in Invocations
 16960 | Swamp:1  | Entered Level 1 of the Swamp
 17015 | Lair:3   | Noticed a dire elephant
 17048 | Lair:3   | Noticed an emperor scorpion
 17048 | Lair:3   | a dire elephant changed into an emperor scorpion
 17048 | Lair:3   | Noticed a fire crab
 17048 | Lair:3   | an elephant changed into a fire crab
 17347 | Lair:2   | Reached XP level 13. HP: 56/80 MP: 16/16
 17718 | Lair:2   | Found a blossoming altar of Fedhas.
 17817 | Lair:2   | Reached skill level 10 in Dodging
 17849 | Lair:2   | Received a gift from Nemelex Xobeh
 18025 | Lair:3   | Noticed a catoblepas
 18025 | Lair:3   | an emperor scorpion changed into a catoblepas
 18033 | Lair:3   | Killed a catoblepas
 18170 | Lair:3   | Engulfed by a fire crab's flame

Skill      XL: |  1  2  3  4  5  6  7  8  9 10 11 12 13 |
---------------+----------------------------------------+-----
Crossbows      | 5 6 7 8 10 11 12 13 | 13.9
Stealth        | 2 |  2.0
Short Blades   | 1 2 3 5 6 7 9 10 | 10.4
Dodging        | 3 4 5 6 7 8 9 10 | 10.0
Armour         | 1 2 3 4 5 6 |  6.7
Fighting       | 3 4 6 7 8 9 |  9.3
Evocations     | 2 4 5 |  5.1
Invocations    | 3 5 |  5.6

Action                   |  1- 3 |  4- 6 |  7- 9 | 10-12 | 13-15 || total
-------------------------+-------+-------+-------+-------+-------++-------
Melee: Short sword       |    50 |   147 |   171 |   443 |    50 ||   861
       Rapier            |       |       |    27 |       |       ||    27
 Fire: Hand crossbow     |    55 |    71 |   152 |       |       ||   278
       Arbalest          |       |       |    58 |   392 |    47 ||   497
Throw: Throwing net      |       |     1 |     3 |     1 |       ||     5
       Tomahawk          |       |       |       |     2 |       ||     2
Evoke: Wand              |       |       |     2 |    13 |     1 ||    16
       Deck              |       |       |     2 |     9 |     4 ||    15
  Use: Scroll            |       |     3 |     5 |    11 |     3 ||    22
       Potion            |       |       |     1 |     3 |       ||     4
 Stab: Sleeping          |       |     3 |     2 |       |       ||     5
       Held in net/web   |       |       |     1 |       |       ||     1
       Distracted        |       |       |       |     1 |       ||     1
  Eat: Chunk             |    10 |    12 |     8 |    30 |     1 ||    61
       Ration            |       |       |     1 |     2 |       ||     3
Armor: Leather armour    |    17 |    58 |    34 |       |       ||   109
       Ring mail         |       |       |    25 |   181 |    18 ||   224
Dodge: Dodged            |    67 |   223 |   233 |   461 |    27 ||  1011
